 Dungeon Crawl Stone Soup version 0.31-a0-446-g07c4bd200f (webtiles) character file.

Game seed: 9071007623377207736

8178 Ethylacetat the Martial Artist (level 11, -3/63 HPs)
             Began as a Vine Stalker Monk on Aug 3, 2023.
             Slain by a vampire mosquito (8 damage)
             ... on level 9 of the Dungeon.
             The game lasted 00:10:04 (7324 turns).

Ethylacetat the Martial Artist (Vine Stalker Monk)  Turns: 7324, Time: 00:10:04

Health: -3/63      AC: 10    Str: 15    XL:     11   Next: 26%
Magic:  0/34       EV: 18    Int: 10    God:
Gold:   557        SH:  0    Dex: 20    Spells: 29/29 levels left

rFire   . .          .
                       - Unarmed
rCold   . . .        c - orb {light}
rNeg    . . .        b - +0 steam dragon scales
rPois   .            (no helmet)
rElec   .            y - +1 cloak
rCorr   .            g - +2 pair of gloves
SInv    .            (no boots)
Will    +....        (no amulet)
Stlth   +            d - ring of magical power
HPRegen 1.10/turn    j - +5 ring of evasion
MPRegen 0.24/turn

%: guardian spirit
@: glowing
A: fangs 3, regeneration 1, magic shield, antimagic bite, no potion heal 2
a: no special abilities


You were on level 9 of the Dungeon.
You visited 2 branches of the dungeon, and saw 11 of its levels.

You collected 557 gold pieces.

Inventory:

Armour
 b - +0 steam dragon scales (worn)
 c - an orb of light (worn)
 g - a +2 pair of gloves (worn)
 y - a +1 cloak (worn)
Jewellery
 d - a ring of magical power (left hand)
 j - a +5 ring of evasion (right hand)
 B - a ring of poison resistance
Wands
 l - a wand of iceblast (19)
 v - a wand of polymorph (10)
 x - a wand of charming (12)
Scrolls
 e - 4 scrolls of teleportation {unknown}
 f - 8 scrolls of identify {unknown}
 h - 4 scrolls of enchant weapon {unknown}
 m - 4 scrolls of revelation {unknown}
 s - a scroll of fear {unknown}
 t - 2 scrolls of amnesia {unknown}
 w - a scroll of brand weapon {unknown}
 z - a scroll of blinking {unknown}
 C - a scroll of torment {unknown}
Potions
 a - 2 potions of mutation {unknown}
 i - 2 potions of brilliance {unknown}
 k - 2 potions of resistance {unknown}
 n - 2 potions of invisibility {unknown}
 o - a potion of attraction {unknown}
 p - 2 potions of degeneration {unknown}
 q - 3 potions of heal wounds {unknown}
 r - a potion of curing {unknown}
 u - a potion of magic {unknown}
 A - 2 potions of might {unknown}


   Skills:
 + Level 9.7 Fighting
 - Level 2.4 Dodging
 + Level 10.4 Unarmed Combat
 + Level 9.9 Spellcasting


You had 29 spell levels left.
You didn't know any spells.
Your spell library contained the following spells:

 Spells                   Type           Power      Damage    Failure   Level
 Apportation              Tloc           8%         N/A       14%         1
 Necrotise                Necr           16%        1d4       14%         1
 Summon Small Mammal      Summ           16%        N/A       14%         1
 Blink                    Tloc           8%         N/A       22%         2
 Lesser Beckoning         Tloc           8%         N/A       22%         2
 Momentum Strike          Conj/Tloc      8%         3d8       22%         2
 Call Canine Familiar     Summ           4%         N/A       38%         3
 Summon Guardian Golem    Hex/Summ       4%         N/A       38%         3
 Animate Dead             Necr           4%         N/A       80%         4
 Borgnjor's Vile Clutch   Necr/Erth      2%         N/A       98%         5
 Summon Forest            Summ/Tloc      2%         N/A       98%         5
 Summon Mana Viper        Hex/Summ       4%         N/A       98%         5
 Death Channel            Necr           2%         N/A       100%        6
 Summon Cactus Giant      Summ           2%         N/A       100%        6


Dungeon Overview and Level Annotations

Branches:
Dungeon (10/15)            Temple (1/1) D:7            Lair (0/5) D:9
    Orc: D:9-12

Altars:
Ashenzari
Cheibriados
Dithmenos
Elyvilon
Fedhas
Gozag
Hepliaklqana
Kikubaaqudgha
Makhleb
Nemelex Xobeh
Okawaru
Qazlal
Ru
Sif Muna
Trog
Uskayaw
Wu Jian
Xom
Zin
The Shining One


Innate Abilities, Weirdness & Mutations

You have razor-sharp teeth.
Your natural rate of healing is unusually fast.
When hurt, damage is shared between your health and your magic reserves.
Your bite disrupts and absorbs the magic of your enemies.
Potions cannot restore your health.


Message History

An ogre mage comes into view. It is wielding a +0 club.
The ogre mage shouts!
The vampire mosquito misses you. The vampire mosquito barely misses you.
The vampire mosquito bites you!
The vampire mosquito draws strength from your injuries!
The fire dragon breathes flames at you. The blast of flame misses you.
The vampire mosquito attacks as you move away!
The vampire mosquito barely misses you. The vampire mosquito misses you.
The vampire mosquito bites you.
The vampire mosquito draws strength from your injuries!
The vampire mosquito barely misses you.
There is a stone staircase leading up, spattered with blood here.
The vampire mosquito bites you.
The vampire mosquito draws strength from your injuries!
The two-headed ogre hits you with a +0 giant club!!
The two-headed ogre hits you with a +0 giant club!
* * * LOW HITPOINT WARNING * * *
The ogre mage casts a spell at the two-headed ogre.
The two-headed ogre seems to speed up.
You climb upwards.
There is a stone staircase leading down here.
Okay, then.
You hit the two-headed ogre. You bite the two-headed ogre. You drain its power.
You feel invigorated.
The two-headed ogre is almost dead.
The vampire mosquito bites you but does no damage.
The vampire mosquito barely misses you.
The two-headed ogre hits you with a +0 giant club!!
* * * LOW HITPOINT WARNING * * *
The two-headed ogre hits you but does no damage.
You hit the two-headed ogre.
The two-headed ogre is almost dead.
The vampire mosquito completely misses you.
The two-headed ogre barely misses you. x2
You punch the two-headed ogre!
You kill the two-headed ogre!
The vampire mosquito misses you. The vampire mosquito bites you!
You die...

### #.. ###### ##.# .....#
########... .....##############
#........## .....##...........#
###........## .....##........y.)#
#...)......## .....##.........@.#
#.#........##
.....##...........###.#..........
.....##...........#...#.......[##
...........>..(...'.###........##
.....#............### #######.###
.....##...........# ##.# #
.....####'######### ##..# #
###### #..# #..## ##.# #.##


You could see a vampire mosquito.

Vanquished Creatures
  4 two-headed ogres
  An ugly thing (D:9)
  Joseph (D:10)
  Maurice (D:8)
  Prince Ribbit (D:7)
  Sigmund (D:3)
  9 yaks (D:8)
  A steam dragon (D:6)
  Menkaure (D:7)
  Edmund (D:4)
  A water moccasin (D:5)
  2 sky beasts (D:7)
  4 orc warriors
  2 ice beasts
  A black bear (D:8)
  An ogre (D:7)
  2 centaurs
  A kobold brigand (D:8)
  6 bullfrogs
  A gnoll sergeant (D:9)
  5 scorpions
  7 wights
  3 howler monkeys
  A crimson imp (D:5)
  2 jellies (D:7)
  6 orc priests
  A gnoll bouda (D:6)
  3 hounds
  5 iguanas
  6 orc wizards
  A sleepcap (D:4)
  6 gnolls
  10 adders
  3 shadow imps
  A white imp (D:7)
  2 ufetubi
  A worm (D:2)
  3 dart slugs
  19 orcs
  6 endoplasms
  2 giant cockroaches
  6 goblins
  8 hobgoblins
  14 jackals
  11 kobolds
  5 quokkas
  6 ball pythons
  6 bats
  A frilled lizard (D:1)
  5 rats
197 creatures vanquished.

Notes
Turn   | Place    | Note
-------+----------+-------------------------------------------
     0 | D:1      | Ethylacetat the Vine Stalker Monk began the quest for the
                  | Orb.
     0 | D:1      | Reached XP level 1. HP: 11/11 MP: 2/2
   365 | D:1      | Reached XP level 2. HP: 9/16 MP: 3/3
   614 | D:1      | Reached skill level 1 in Spellcasting
   922 | D:2      | Reached XP level 3. HP: 20/20 MP: 5/5
  1062 | D:2      | Gained mutation: Your natural rate of healing is unusually
                  | fast. [Vine Stalker growth]
  1062 | D:2      | Reached XP level 4. HP: 24/24 MP: 7/7
  1219 | D:2      | Found a hide-covered altar of Uskayaw.
  1468 | D:3      | Noticed Sigmund
  1480 | D:3      | Killed Sigmund
  1481 | D:3      | Reached skill level 4 in Unarmed Combat
  1481 | D:3      | Reached XP level 5. HP: 28/29 MP: 10/10
  1481 | D:3      | Reached XP level 6. HP: 31/33 MP: 11/11
  2084 | D:4      | Noticed an ice beast
  2096 | D:4      | Killed an ice beast
  2097 | D:4      | Reached skill level 5 in Unarmed Combat
  2097 | D:4      | Reached XP level 7. HP: 36/38 MP: 13/13
  2184 | D:4      | Found a sparkling altar of Nemelex Xobeh.
  2225 | D:4      | Identified the +1 leather armour of Boiling Hail {rF++
                  | rCorr Dex-5 Slay+6}
  2307 | D:4      | You fall into a shaft and drop 3 floors!
  2467 | D:6      | Found a shimmering blue altar of Sif Muna.
  2521 | D:6      | Reached skill level 5 in Fighting
  2567 | D:6      | Noticed a steam dragon
  2588 | D:6      | Killed a steam dragon
  2846 | D:6      | Gained mutation: You have razor-sharp teeth. [Vine Stalker
                  | growth]
  2846 | D:6      | Reached XP level 8. HP: 41/43 MP: 16/16
  2883 | D:5      | Entered Level 5 of the Dungeon
  2901 | D:5      | Reached skill level 6 in Unarmed Combat
  2901 | D:5      | Reached skill level 5 in Spellcasting
  2928 | D:4      | Noticed Edmund
  2937 | D:4      | Killed Edmund
  2961 | D:4      | Found a glowing golden altar of the Shining One.
  2964 | D:4      | Identified the +2 leather armour of the Crypt {rCorr Dex-2
                  | Stlth+}
  3815 | D:5      | Found a burning altar of Makhleb.
  4435 | D:6      | Reached skill level 7 in Unarmed Combat
  4683 | D:7      | Reached XP level 9. HP: 40/49 MP: 19/19
  4913 | D:7      | Found a staircase to the Ecumenical Temple.
  4917 | D:7      | Noticed Prince Ribbit
  4936 | D:7      | Killed Prince Ribbit
  4937 | D:7      | Reached skill level 8 in Unarmed Combat
  4949 | Temple   | Entered the Ecumenical Temple
  5009 | D:7      | Found a hide-covered altar of Uskayaw.
  5137 | D:7      | Noticed Menkaure
  5142 | D:7      | Killed Menkaure
  5397 | D:8      | Noticed Maurice
  5413 | D:8      | Killed Maurice
  5536 | D:8      | Reached XP level 10. HP: 55/56 MP: 22/22
  5599 | D:8      | Reached skill level 9 in Unarmed Combat
  5729 | D:8      | Noticed a two-headed ogre
  5738 | D:8      | Killed a two-headed ogre
  6486 | D:9      | Noticed a two-headed ogre
  6498 | D:9      | Killed a two-headed ogre
  6697 | D:9      | Reached skill level 10 in Unarmed Combat
  6834 | D:9      | Reached XP level 11. HP: 61/62 MP: 25/25
  6865 | D:9      | Found a staircase to the Lair.
  6903 | D:9      | Noticed a cyan ugly thing
  6915 | D:9      | Killed a cyan ugly thing
  7125 | D:9      | Found a shimmering altar of Xom.
  7205 | D:10     | Entered Level 10 of the Dungeon
  7205 | D:10     | Noticed Joseph
  7216 | D:10     | Killed Joseph
  7258 | D:10     | Noticed a two-headed ogre
  7265 | D:10     | Killed a two-headed ogre
  7277 | D:10     | Found a broken altar of Ashenzari.
  7293 | D:10     | Noticed a two-headed ogre
  7299 | D:10     | Noticed a fire dragon
  7302 | D:10     | Noticed a seven-headed hydra
  7314 | D:10     | Noticed an ogre mage
  7322 | D:9      | HP: 3/63 [two-headed ogre/+0 giant club (18)]
  7324 | D:9      | Killed a two-headed ogre
  7324 | D:9      | Slain by a vampire mosquito

Illustrated notes

Levels and vault maps discovered:
D:1:      dpeg_arrival_leaves_temple_mockup, layout_loops_ring
D:2:      minmay_angry_zag, layout_rooms, basic_altar, minmay_fractal_squares_5,
          uniq_crazy_yiuf_cottage
D:3:      layout_rooms, uniq_sigmund
D:4:      layout_rooms, mainiacjoe_overflow_six_doors_small,
          lemuel_coloured_pillars_altar, chequers_arboretum, minmay_misc_feat_x,
          dk_noncrumbling_2, uniq_edmund
D:5:      layout_cave_pods, makhleb_grotto_becter
D:6:      layout_basic, lemuel_blue_sif_altar
D:7:      layout_loops_cross, nicolae_uskayaw_suspiria,
          minmay_temple_entry_stoned_glass, uniq_menkaure, uniq_prince_ribbit1
D:8:      layout_basic, nicolae_straight_to_the_point, uniq_maurice
D:9:      layout_roguey, xom_butterflies, grunt_lair_entry_orc_guard_hut,
          lemuel_flamethrower_2
D:10:     minmay_the_grid_net [minmay_the_grid_plusring,
          minmay_the_grid_dragon_a, minmay_the_grid_paths,
          minmay_the_grid_rooms, minmay_the_grid_tree,
          minmay_the_grid_prize_inner_circle], layout_basic, lemuel_tele_altar,
          mainiacjoe_overflow_alcove_2, kennysheep_mini_moat, uniq_joseph,
          uniq_urug
Temple:   compressed_dpeg_triangle_lava_temple

Skill      XL: |  1  2  3  4  5  6  7  8  9 10 |
---------------+-------------------------------+-----
Spellcasting   | 1 3 4 6 7 9 |  9.9
Fighting       | 3 4 5 6 7 9 |  9.7
Unarmed Combat | 4 5 7 8 10 | 10.4
Dodging        | |  2.4

Action                     |  1- 3 |  4- 6 |  7- 9 | 10-12 || total
---------------------------+-------+-------+-------+-------++-------
  Melee: Unarmed           |    80 |   120 |   309 |   219 ||   728
         Bite              |    17 |    43 |   135 |   109 ||   304
  Evoke: Wand              |       |       |     2 |     1 ||     3
    Use: Potion            |       |       |     1 |       ||     1
 Armour: Robe              |    24 |    24 |    16 |       ||    64
         Steam dragon scal |       |       |    45 |    42 ||    87
  Dodge: Dodged            |    62 |   110 |   247 |   182 ||   601

Table legend: (Time is in decaauts)
 A = Elapsed time spent in this place.
 B = Non-inter-level travel time spent in this place.
 C = Inter-level travel time spent in this place.
 D = Time resting spent in this place.
 E = Time spent auto-exploring this place.
 F = Levels seen in this place.
 G = Mean time per level.
                   A        B        C        D        E       F      G
               +--------+--------+--------+--------+--------+-----+--------+
         Total |   7232 |   7039 |    193 |     37 |   5759 |  11 |  657.5 |
       Dungeon |   7230 |   7037 |    193 |     37 |   5759 |  10 |  723.0 |
        Temple |      1 |      1 |      0 |      0 |      0 |   1 |    1.0 |
               +--------+--------+--------+--------+--------+-----+--------+

Top non-repeatable levels by time:
     D:9: 929 daAuts
     D:6: 927 daAuts
     D:5: 899 daAuts
     D:8: 845 daAuts
     D:7: 826 daAuts
     D:1: 825 daAuts
     D:4: 786 daAuts
     D:2: 635 daAuts
     D:3: 443 daAuts
    D:10: 111 daAuts
  Temple: 1 daAuts
